 Dungeon Crawl Stone Soup version 0.28-a0-723-g095bd1b44f (webtiles) character file.

Game seed: 14325143839504662452

40 flotson the Sneak (level 3, 0/29 HPs)
             Began as a Demonspawn Delver on Oct 25, 2021.
             Slain by a gnoll (9 damage)
             ... on level 4 of the Dungeon.
             The game lasted 00:01:32 (360 turns).

flotson the Sneak (Demonspawn Delver)                Turns: 360, Time: 00:01:33

Health: 0/29       AC:  8    Str: 13    XL:     3   Next: 30%
Magic:  3/3        EV:  6    Int: 11    God:
Gold:   12         SH:  0    Dex: 14    Spells: 2/2 levels left

rFire   . . .      SeeInvis .   a - +0 hand axe
rCold   . . .      Faith    .   (no shield)
rNeg    . . .      Spirit   .   h - +0 chain mail
rPois   .          Reflect  .   (helmet restricted)
rElec   .          Harm     .   (no cloak)
rCorr   .          Rampage  .   (no gloves)
Will    .....                   (no boots)
Stlth   ..........              (no amulet)
HPRegen 0.09/turn               (no ring)
MPRegen 0.08/turn               (no ring)

@: hasted, very quick
A: horns 1, spiny 1
a: no special abilities


You were on level 4 of the Dungeon.
You visited 1 branch of the dungeon, and saw 2 of its levels.

You collected 12 gold pieces.

Inventory:

Hand Weapons
 a - a +0 hand axe (weapon)
Missiles
 d - 5 javelins (quivered)
Armour
 b - a +0 leather armour
 h - a +0 chain mail (worn)
Wands
 g - a wand of digging (3)
Scrolls
 c - a scroll of fog


   Skills:
 + Level 3.5 Fighting
 - Level 1.7 Axes
 + Level 1.3 Armour
 + Level 2.4 Dodging
 - Level 4.5 Stealth


You had 2 spell levels left.
You didn't know any spells.
Your spell library contained the following spells:

 Spells                   Type           Power      Damage    Failure   Level
 Sandblast                Erth           0%         2d4       100%        1
 Passwall                 Tmut/Erth      0%         N/A       100%        2
 Stone Arrow              Conj/Erth      0%         3d7       100%        3


Dungeon Overview and Level Annotations

Branches:
Dungeon (5/15)             Temple (0/1) D:4

Altars:
Okawaru

Shops:
D:5 *


Innate Abilities, Weirdness & Mutations

You have a pair of small horns on your head.
You are partially covered in sharp spines.


Message History

Found 2 sedimented amethyst potions and a hand axe.
Found a staircase to the Ecumenical Temple.
You feel yourself speed up. The lemure hits you.
An adder comes into view.
The adder hisses angrily.
The adder is struck by your spines. The adder bites you.
Found 11 gold pieces. 2 gnolls come into view.
Found a dagger.
The gnoll shouts! x2
A gnoll comes into view. It is wielding a +0 halberd.
The gnoll shouts!
You hear a shout!
A gnoll comes into view. It is wielding a +0 club.
Okay, then.
Unknown command.
You aren't carrying any potions.
Your chain mail prevents you from hitting the gnoll.
You hit the gnoll.
The gnoll is lightly wounded.
Your chain mail prevents you from hitting the hound.
The hound is struck by your spines. The hound bites you but does no damage.
The gnoll is struck by your spines. The gnoll hits you with a +0 flail.
* * * LOW HITPOINT WARNING * * *
The gnoll barely misses you. The hound bites you but does no damage.
You barely miss the gnoll.
The gnoll is heavily wounded.
You closely miss the hound. The gnoll is struck by your spines.
The gnoll barely misses you. x2; The hound is struck by your spines.
You kill the hound!
Your Armour skill increases to level 1!
You have reached level 3!
Your experience leads to an increase in your attributes!
Increase (S)trength, (I)ntelligence, or (D)exterity?
You feel stronger.
Your demonic ancestry asserts itself...
A pair of horns grows on your head!
You hit the gnoll.
The gnoll is severely wounded.
The gnoll barely misses you.
The gnoll hits you from afar with a +0 halberd!
You die...

....#.#.#.S...............>..#
#............#.##....####..#..
#.##.#.#...###.# .... #..# .
#. #.....### #S# .. #.[# #.#$#
#.# . #..# ...... #S# #..#
...... #5# #..o ......##.#
..## ....ggg@.# .....g####
..... .... ... .) .


You could see a lemure, 4 gnolls and 2 adders.

Vanquished Creatures
  A hound (D:4)
  An adder (D:5)
2 creatures vanquished.

Notes
Turn   | Place    | Note
-------+----------+-------------------------------------------
     0 | D:5      | flotson the Demonspawn Delver began the quest for the Orb.
     0 | D:5      | Reached XP level 1. HP: 18/18 MP: 1/1
    19 | D:5      | Found Itteakanue's Assorted Antiques.
    31 | D:5      | Gained mutation: You are partially covered in sharp spines.
                  | [demonic ancestry]
    31 | D:5      | Reached XP level 2. HP: 13/24 MP: 2/2
   267 | D:5      | Found an iron altar of Okawaru.
   278 | D:5      | Noticed a lemure
   278 | D:5      | Noticed a lemure
   278 | D:5      | Noticed a lemure
   336 | D:4      | Found a staircase to the Ecumenical Temple.
   360 | D:4      | Reached skill level 1 in Armour
   360 | D:4      | Gained mutation: You have a pair of small horns on your
                  | head. [demonic ancestry]
   360 | D:4      | Reached XP level 3. HP: 9/29 MP: 3/3
   360 | D:4      | Slain by a gnoll

Illustrated notes

Levels and vault maps discovered:
D:4:      layout_basic, minmay_temple_entry_sparse_star, due_unseen_surprise
D:5:      cheibrodos_two_vegetables, layout_basic, okawaru_metal_pillars_1_2,
          serial_shops, shop, guppyfry_early_lair_pool, uniq_pikel, uniq_duvessa

Skill      XL: |  1  2 |
---------------+-------+-----
Dodging        | 2 |  2.4
Armour         | 1 |  1.3
Fighting       | |  3.5
Axes           | |  1.7
Stealth        | |  4.5

Action                   || total
-------------------------++-------
Melee: Hand axe          ||    10
  Use: Scroll            ||     2
       Potion            ||     1
Armor: Chain mail        ||    14
Dodge: Dodged            ||     8

Table legend: (Time is in decaauts)
 A = Elapsed time spent in this place.
 B = Non-inter-level travel time spent in this place.
 C = Inter-level travel time spent in this place.
 D = Time resting spent in this place.
 E = Time spent auto-exploring this place.
 F = Levels seen in this place.
 G = Mean time per level.
                   A        B        C        D        E       F      G
               +--------+--------+--------+--------+--------+-----+--------+
         Total |    354 |    354 |      0 |      0 |    249 |   2 |  177.0 |
       Dungeon |    354 |    354 |      0 |      0 |    249 |   2 |  177.0 |
               +--------+--------+--------+--------+--------+-----+--------+

Top non-repeatable levels by time:
     D:5: 295 daAuts
     D:4: 59 daAuts
